Match 42639813
Unlisted

Match 42639813
End
Construct Infanterie Kompanie
Grenadier Squad
Selects Terror Battlegroup
Selects Machine Gun Camouflage
Grenadier Squad
Grenadier Squad
Grenadier Squad
Selects Interrogate
Construct Luftwaffe Kompanie
MG 42 Machine Gun Team
Flak 30 Anti-aircraft Gun Team
Support Elements
Marder III M Tank Destroyer
Marder III M Tank Destroyer
MG 42 Machine Gun Team
Selects No Quarter
Selects Defend the Fatherland
Construct Panzer Kompanie
Selects Defend the Fatherland
Panzer Officer Quarters
Pioneer Squad
Forward Retreat Point
Panzer IV Medium Tank
Side Skirts
Medical Bunker
Panzer IV Medium Tank
Repair Bunker
Repair Bunker
Selects King Tiger Heavy Tank
King Tiger Heavy Tank
Selects Jericho Trumpet
Jericho Trumpet
Construct Panzergrenadier Kompanie
Repair Bunker
Panzer IV Medium Tank
Uffz. Ral-go
미움 증오
MORDEN
Unsafe
LPG
espitaon
Pico
Lady Talie
0
0

Comments sign in to comment!

No comments posted yet!